 Dungeon Crawl Stone Soup version 0.29.0-4-gdea44cf6ec (webtiles) character file.

Game seed: 14522052717075106678

10372 gelatine the Cleaver (level 11, -17/80 HPs)
             Began as a Demonspawn Gladiator on Aug 27, 2022.
             Was a Priest of Qazlal.
             Hit by a large rock thrown by a cyclops (34 damage)
             ... on level 11 of the Dungeon.
             The game lasted 00:40:48 (13438 turns).

gelatine the Cleaver (Demonspawn Gladiator)        Turns: 13438, Time: 00:40:48

Health: -17/80     AC: 10    Str: 16    XL:     11   Next: 35%
Magic:  11/16      EV: 17    Int: 20    God:    Qazlal [***...]
Gold:   878        SH:  3    Dex: 14    Spells: 15/17 levels left

rFire   . . .      SeeInvis .   D - +4 broad axe (elec)
rCold   . . .      Faith    .   Q - orb {light}
rNeg    . . .      Spirit   .   R - +2 robe of Insurance {rCorr Int+7}
rPois   .          Reflect  .   I - +1 helmet
rElec   .          Harm     .   z - +0 cloak
rCorr   +          Rampage  .   (no gloves)
Will    .....                   H - +1 pair of boots
Stlth   +.........              (no amulet)
HPRegen 0.23/turn               u - +4 ring of evasion
MPRegen 0.15/turn               F - +4 ring of slaying

@: lethally poisoned (-17 -> -20), glowing
A: ignite blood 1, big brain 1, demonic magic 2, demonic touch 2, weak 1,
MP-powered wands
a: Renounce Religion, Upheaval, Elemental Force


You were on level 11 of the Dungeon.
You worshipped Qazlal.
Qazlal was most pleased with you.
You visited 2 branches of the dungeon, and saw 14 of its levels.

You collected 904 gold pieces.
You spent 26 gold pieces at shops.

Inventory:

Hand Weapons
 n - the +0 whip of Irritation {vamp, SInv}
   (You found it on level 9 of the Dungeon)

   It occasionally heals its wielder for a portion of the damage dealt when it
   wounds a living foe.
   SInv:      It lets you see invisible.
 C - a +0 shortbow
 D - a +4 broad axe of electrocution (weapon)
Missiles
 t - 3 poisoned darts
 B - 6 javelins
 L - 5 silver javelins
 O - 6 boomerangs (quivered)
Armour
 d - an orb of energy
 e - a +2 ring mail of poison resistance
 m - +0 acid dragon scales
 y - a +2 robe of willpower
 z - a +0 cloak (worn)
 A - a +1 robe of cold resistance
 G - a +0 robe of the Archmagi
 H - a +1 pair of boots (worn)
 I - a +1 helmet (worn)
 J - a +3 chain mail of poison resistance
 P - a +1 chain mail of cold resistance
 Q - an orb of light (worn)
 R - the +2 robe of Insurance (worn) {rCorr Int+7}
   (You found it on level 9 of the Dungeon)

   Int:       It affects your intelligence (+7).
   rCorr:     It protects you from acid and corrosion.
 S - a +2 leather armour of positive energy
Jewellery
 c - a ring of fire
 f - a ring of ice
 u - a +4 ring of evasion (left hand)
 F - a +4 ring of slaying (right hand)
 U - a +6 ring of dexterity
Wands
 h - a wand of roots (7)
 s - a wand of flame (11)
 E - a wand of charming (6)
Scrolls
 a - a scroll of teleportation
 j - 3 scrolls of immolation
 l - 3 scrolls of fear
 w - 2 scrolls of amnesia
 K - 2 scrolls of vulnerability
 N - a scroll of fog
Potions
 b - 2 potions of ambrosia
 g - 4 potions of brilliance
 i - 3 potions of haste
 k - a potion of lignification
 o - 3 potions of curing
 q - 2 potions of attraction {unknown}
 r - a potion of might
 v - a potion of invisibility
 x - 2 potions of flight


   Skills:
 * Level 5.5 Fighting
 + Level 9.1 Axes
 + Level 1.1 Ranged Weapons
 + Level 6.2 Throwing
 + Level 4.5 Armour
 + Level 4.3 Dodging
 + Level 4.4 Stealth
 + Level 1.2 Shields
 * Level 3.8 Spellcasting
 * Level 4.4 Conjurations
 * Level 4.0 Air Magic
 + Level 5.4 Invocations
 + Level 3.7 Evocations


You had 15 spell levels left.
You knew the following spells:

 Your Spells              Type           Power      Damage    Failure   Level
a - Static Discharge      Conj/Air       20%        3-6/arc   3%          2

Your spell library contained the following spells:

 Spells                   Type           Power      Damage    Failure   Level
 Blink                    Tloc           6%         N/A       21%         2
 Frozen Ramparts          Ice            6%         1d1       36%         3
 Lightning Bolt           Conj/Air       10%        1d23      54%         5
 Ice Form                 Ice/Tmut       3%         N/A       78%         4
 Summon Ice Beast         Ice/Summ       3%         N/A       78%         4
 Manifold Assault         Tloc           3%         N/A       98%         5
 Storm Form               Tmut/Air       5%         N/A       100%        7
 Lehudib's Crystal Spear  Conj/Erth      6%         10d3      100%        8
 Maxwell's Capacitive Co  Air            9%         ∞         100%        8
 Shatter                  Erth           1%         3d6*      100%        9


Dungeon Overview and Level Annotations

Branches:
Dungeon (13/15)            Temple (1/1) D:4            Lair (0/5) D:9
    Orc (0/2) D:9
 Vaults: D:13-14

Altars:
Ashenzari
Cheibriados
Dithmenos
Fedhas
Gozag
Hepliaklqana
Kikubaaqudgha
Makhleb
Nemelex Xobeh
Okawaru
Qazlal
Ru
Sif Muna
Trog
Uskayaw
Vehumet
Wu Jian
Xom
Yredelemnul

Shops:
D:7 (   D:8 ?   D:9 [(


Innate Abilities, Weirdness & Mutations

Your demonic aura sometimes causes spilled blood to erupt in flames.
You have an unusually large brain. (Int +2)
Spells you cast may paralyse nearby enemies.
Your touch may inflict irresistible damage on your foes.
You are weak. (Str -2)
You expend magic power (3 MP) to strengthen your wands.


Message History

Casting: Static Discharge (safe; 3% risk of failure)
Confirm with . or Enter, or press ? or * to list all spells.
The killer bee is struck by an arc of lightning.
The killer bee is moderately wounded.
You are struck by an arc of lightning.
The killer bee is struck by an arc of lightning!
The killer bee is severely wounded.
The lightning grounds out.
The killer bee is struck by an arc of lightning.
The killer bee is moderately wounded.
The killer bee is struck by an arc of lightning.
You kill the killer bee!
Qazlal accepts your kill.
You are struck by an arc of lightning.
The lightning grounds out.
Malevolent energies surge around you.
The killer bee suddenly stops moving!
You feel very sick.
A cyclops comes into view.
The helpless killer bee fails to defend itself.
You hit the killer bee but do no damage.
The killer bee is moderately wounded.
You hit the killer bee.
You feel very sick. The killer bee closely misses you.
The killer bee misses you. The killer bee completely misses you.
The helpless killer bee fails to defend itself.
You cut the killer bee into ribbons!!!
You kill the killer bee!
Qazlal accepts your kill.
You slash the killer bee!
You feel sick. You block the killer bee's attack.
The killer bee barely misses you.
You miss the killer bee.
The killer bee is almost dead.
You feel sick.
The killer bee stings you but does no damage.
The killer bee misses you.
You slash the killer bee!
You kill the killer bee!
Qazlal accepts your kill.
You feel sick.
The cyclops throws a large rock.
The large rock hits you!!
You die...

...... #####
......####≈#...
#C......~≈≈....
#.......≈≈~.)..
#.......~≈~≈~#
#.......~≈≈≈#
#....†°°≈≈≈#
#.....@.#≈#####
#######........
#'####### ...
#.... #.....
#......
#.......
#........


You could see a cyclops.

Vanquished Creatures
  Lodul (D:13)
  A deep elf pyromancer (D:8)
  A manticore (D:9)
  2 gargoyles
  Maggie (D:7)
  A komodo dragon (D:9)
  3 trolls
  Grinder (D:5)
  A hornet (D:7)
  Prince Ribbit (D:6)
  2 wraiths
  2 wyverns (D:9)
  2 steam dragons
  4 basilisks (D:9)
  An acid dragon (D:13)
  Edmund (D:5)
  A water moccasin (D:6)
  A swamp drake (D:9)
  A sky beast (D:7)
  2 orc warriors
  3 ice beasts
  9 ogres
  5 centaurs
  3 phantoms
  A kobold brigand (D:11)
  Blork the orc (D:6)
  A necrophage (D:5)
  5 bullfrogs
  A gnoll sergeant (D:10)
  3 scorpions
  3 wights (D:9)
  24 killer bees
  6 howler monkeys
  4 orc priests
  2 gnoll boudas (D:7)
  Crazy Yiuf (D:3)
  Ijyb (D:4)
  4 orc wizards
  5 iguanas
  17 gnolls
  7 adders
  2 white imps (D:6)
  An ufetubus (D:4)
  2 worms
  2 dart slugs
  28 orcs
  7 bats
  4 endoplasms
  2 giant cockroaches (D:2)
  8 goblins
  7 hobgoblins
  5 jackals
  5 quokkas
  3 training dummies (D:7)
  7 ball pythons
  3 frilled lizards
  6 kobolds
  4 rats
232 creatures vanquished.

Vanquished Creatures (others)
  2 orcs (D:8)
2 creatures vanquished.

Grand Total: 234 creatures vanquished

Notes
Turn   | Place    | Note
-------+----------+-------------------------------------------
     0 | D:1      | gelatine the Demonspawn Gladiator began the quest for the
                  | Orb.
     0 | D:1      | Reached XP level 1. HP: 16/16 MP: 1/1
   501 | D:1      | Gained mutation: Your demonic aura sometimes causes spilled
                  | blood to erupt in flames. [demonic ancestry]
   501 | D:1      | Reached XP level 2. HP: 22/22 MP: 2/2
   674 | D:1      | Reached skill level 3 in Axes
  1660 | D:2      | Reached skill level 1 in Armour
  1660 | D:2      | Reached XP level 3. HP: 10/27 MP: 3/3
  2997 | D:3      | Gained mutation: Your touch may inflict minor irresistible
                  | damage on your foes. [demonic ancestry]
  2997 | D:3      | Reached XP level 4. HP: 25/34 MP: 4/4
  3447 | D:3      | Found a runed translucent door.
  3448 | D:3      | Noticed Crazy Yiuf
  3458 | D:3      | Killed Crazy Yiuf
  3922 | D:4      | Gained mutation: Spells you cast may paralyse adjacent
                  | enemies. [demonic ancestry]
  3922 | D:4      | Reached XP level 5. HP: 7/39 MP: 5/5
  3923 | D:4      | Reached skill level 4 in Axes
  3923 | D:4      | Reached skill level 1 in Stealth
  4160 | D:4      | Noticed a centaur
  4165 | D:4      | Killed a centaur
  4322 | D:4      | Found a hide-covered altar of Uskayaw.
  4330 | D:4      | Gained mutation: Your touch may inflict irresistible damage
                  | on your foes. [demonic ancestry]
  4330 | D:4      | Reached XP level 6. HP: 41/46 MP: 6/6
  4538 | D:4      | Noticed Ijyb
  4545 | D:4      | Killed Ijyb
  4757 | D:4      | Found a staircase to the Ecumenical Temple.
  4803 | Temple   | Entered the Ecumenical Temple
  4877 | Temple   | Became a worshipper of Qazlal Stormbringer
  4965 | D:4      | Found a bloodstained altar of Trog.
  5016 | D:5      | Entered Level 5 of the Dungeon
  5025 | D:5      | Found a radiant altar of Vehumet.
  5043 | D:5      | Noticed Edmund
  5053 | D:5      | Killed Edmund
  5138 | D:5      | Reached XP level 7. HP: 52/52 MP: 7/7
  5153 | D:5      | Identified a scroll of acquirement
  5225 | D:5      | Reached skill level 5 in Axes
  5289 | D:5      | Noticed Grinder
  5289 | D:5      | Paralysed by Grinder for 5 turns
  5300 | D:5      | Paralysed by Grinder for 5 turns
  5307 | D:5      | Killed Grinder
  5539 | D:5      | Got the Guidebook on the Rocks
  5556 | D:5      | Found a shadowy altar of Dithmenos.
  5556 | D:5      | Found an iron altar of Okawaru.
  5600 | D:5      | Reached XP level 8. HP: 47/58 MP: 8/8
  5996 | D:5      | Found a shimmering blue altar of Sif Muna.
  6005 | D:5      | Reached skill level 5 in Throwing
  6195 | D:6      | Reached skill level 6 in Axes
  6195 | D:6      | Reached skill level 1 in Ranged Weapons
  6273 | D:6      | Noticed Blork the orc
  6284 | D:6      | Killed Blork the orc
  6623 | D:6      | Found an opulent altar of Gozag.
  6641 | D:6      | Reached * piety under Qazlal
  6757 | D:6      | Reached skill level 7 in Axes
  6875 | D:6      | Gained mutation: Spells you cast may paralyse nearby
                  | enemies. [demonic ancestry]
  6875 | D:6      | Reached XP level 9. HP: 65/65 MP: 9/9
  6910 | D:6      | Learned a level 2 spell: Static Discharge
  7002 | D:6      | Noticed Prince Ribbit
  7010 | D:6      | Killed Prince Ribbit
  7270 | D:7      | Reached skill level 1 in Evocations
  7272 | D:7      | Reached skill level 1 in Conjurations
  7273 | D:7      | Reached skill level 1 in Spellcasting
  7662 | D:7      | Reached skill level 1 in Air Magic
  7665 | D:7      | Reached skill level 1 in Invocations
  7837 | D:7      | Found Bewekof's Firing Range.
  8173 | D:7      | Noticed Maggie
  8184 | D:7      | Gained mutation: Your body sometimes deteriorates upon
                  | taking damage. [potion of mutation]
  8184 | D:7      | Gained mutation: You are dopey. (Int -2) [potion of
                  | mutation]
  8184 | D:7      | Lost mutation: You are dopey. (Int -2) [potion of mutation]
  8185 | D:7      | Lost mutation: Your body sometimes deteriorates upon taking
                  | damage. [potion of mutation]
  8185 | D:7      | Gained mutation: You expend magic power (3 MP) to
                  | strengthen your wands. [potion of mutation]
  8185 | D:7      | Gained mutation: You are weak. (Str -2) [potion of
                  | mutation]
  8224 | D:7      | HP: 3/65 [Maggie/bolt of fire (26)]
  8978 | D:7      | Reached skill level 8 in Axes
  9283 | D:7      | Killed Maggie
  9410 | D:8      | Reached ** piety under Qazlal
  9417 | D:8      | Reached XP level 10. HP: 69/73 MP: 13/13
  9678 | D:8      | Found Powku's Magic Scroll Emporium.
  9688 | D:8      | Bought a scroll of identify for 26 gold pieces
  9691 | D:8      | Acquired a +2 broad axe of electrocution
  9722 | D:8      | Reached skill level 5 in Fighting
  9817 | D:8      | Noticed a deep elf pyromancer
  9820 | D:8      | Killed a deep elf pyromancer
 10571 | D:9      | Identified the +0 whip of Irritation {vamp, SInv}
 11141 | D:9      | Found a staircase to the Lair.
 11158 | D:9      | Reached skill level 5 in Invocations
 11514 | D:9      | Found Xeyrolli's Weapon Shoppe.
 11515 | D:9      | Found a staircase to the Orcish Mines.
 11516 | D:9      | Found Wudiopn's Armour Shoppe.
 11881 | D:9      | Noticed a manticore
 11884 | D:9      | Noticed a gargoyle
 11895 | D:9      | Killed a gargoyle
 11896 | D:9      | Killed a manticore
 12122 | D:9      | Identified the +2 robe of Insurance {rCorr Int+7}
 12168 | D:9      | Noticed a manticore
 12268 | D:10     | Entered Level 10 of the Dungeon
 12292 | D:10     | Gained mutation: You have an unusually large brain. (Int
                  | +2) [demonic ancestry]
 12292 | D:10     | Reached XP level 11. HP: 75/80 MP: 10/15
 12961 | D:10     | You fall into a shaft and drop 3 floors!
 13002 | D:13     | Noticed Lodul
 13032 | D:13     | Reached skill level 1 in Shields
 13036 | D:13     | Killed Lodul
 13037 | D:13     | Reached skill level 9 in Axes
 13060 | D:13     | Reached *** piety under Qazlal
 13204 | D:13     | Noticed a catoblepas
 13214 | D:12     | Noticed a centaur warrior
 13438 | D:11     | Hit by a large rock thrown by a cyclops

Illustrated notes

Levels and vault maps discovered:
D:1:      zelgadis_glass_arrival_small, layout_basic
D:2:      layout_basic
D:3:      layout_basic, uniq_crazy_yiuf_cottage
D:4:      layout_basic, nicolae_uskayaw_dance_hall, lightli_temple_of_fire,
          minmay_temple_entry_wispy, uniq_ijyb
D:5:      layout_basic, fiery_altar_vehumet, gammafunk_temple_overflow_wave,
          led_sif_book, solitary_fountain, minivault_14, uniq_grinder,
          uniq_edmund
D:6:      nicolae_cairo_tiling_large_dashed, layout_cave_pods,
          mainiacjoe_overflow_alcove_1, mainiacjoe_overflow_brackets,
          uniq_prince_ribbit1, uniq_blork_the_orc
D:7:      layout_basic, st_stairs_5, nicolae_shop_firing_range, uniq_maggie
D:8:      layout_layer_cave, serial_shops, nicolae_lakefront_shop,
          minmay_misc_feat_roman
D:9:      layout_loops_ring, erik_lair_dragon, orc_david_3,
          minmay_diamond_spiral
D:10:     layout_gridville, grunt_ministairs_8, wad_dig_loot
D:11:     layout_basic, serial_shops, nicolae_stop_n_shop_2
D:12:     layout_cave_pools, gammafunk_ghost_arena
D:13:     layout_irregular_city, kennysheep_minor_cross, uniq_lodul
Temple:   eino_temple_lava

Skill      XL: |  1  2  3  4  5  6  7  8  9 10 11 |
---------------+----------------------------------+-----
Axes           | 3 4 5 7 8 9 |  9.1
Dodging        | 3 4 |  4.3
Armour         | 1 2 3 4 |  4.5
Stealth        | 1 2 3 4 |  4.4
Throwing       | 2 3 4 6 |  6.2
Fighting       | 3 4 5 |  5.5
Ranged Weapons | 1 |  1.1
Evocations     | 2 3 |  3.7
Conjurations   | 1 3 4 |  4.4
Spellcasting   | 2 3 |  3.8
Air Magic      | 2 3 4 |  4.0
Invocations    | 3 5 |  5.4
Shields        | 1 |  1.2

Action                   |  1- 3 |  4- 6 |  7- 9 | 10-12 || total
-------------------------+-------+-------+-------+-------++-------
Melee: War axe           |   138 |    54 |   223 |     8 ||   423
       Touch             |       |     8 |    37 |     1 ||    46
       Punch             |       |       |     4 |       ||     4
       Broad axe         |       |       |       |    95 ||    95
 Fire: Shortbow          |       |       |     3 |       ||     3
Throw: Throwing net      |       |     3 |     8 |     2 ||    13
       Boomerang         |       |    54 |    26 |     9 ||    89
       Javelin           |       |     1 |    12 |    11 ||    24
       Dart              |       |       |    17 |     9 ||    26
 Cast: Static Discharge  |       |       |       |    49 ||    49
Evoke: Wand              |       |       |     3 |       ||     3
  Use: Potion            |       |     3 |     7 |     3 ||    13
       Scroll            |       |       |     9 |    10 ||    19
 Stab: Sleeping          |     1 |     1 |       |       ||     2
       Held in net/web   |       |       |     1 |     2 ||     3
       Paralysed         |       |       |       |    30 ||    30
Armor: Leather armour    |    56 |    13 |       |       ||    69
       Skin              |       |     9 |       |       ||     9
       Chain mail        |       |       |   150 |    15 ||   165
       Robe              |       |       |       |    29 ||    29
Dodge: Dodged            |   115 |    32 |   209 |   109 ||   465
Block: Other             |       |       |    22 |     1 ||    23
       Orb               |       |       |       |    18 ||    18
